 Dungeon Crawl Stone Soup version 0.18-a0-1164-g7046a04 (webtiles) character file.

18311 poirepourri the Cleaver (level 12, -10/168 HPs)
             Began as a Deep Dwarf Berserker on Jan 25, 2016.
             Was a Believer of Trog.
             Mangled by a 16-headed hydra (11 damage)
             ... on level 3 of the Lair of Beasts.
             The game lasted 00:25:24 (13623 turns).

poirepourri the Cleaver (Deep Dwarf Berserker)     Turns: 13623, Time: 00:25:24

Health: -10/168    AC: 15    Str: 29    XL:     12   Next: 26%
Magic:  12/12      EV: 17    Int:  9    God:    Trog [**....]
Gold:   385        SH:  0    Dex: 13    Spells: 0 memorised, 11 levels left

rFire  . . .     SeeInvis .     v - +0 war axe
rCold  . . .     Gourm    .     B - +0 scale mail
rNeg   . . .     Faith    +     (no shield)
rPois  .         Spirit   .     F - +0 helmet
rElec  .         Dismiss  .     E - +0 cloak
rCorr  +         Reflect  .     G - +0 pair of gloves
SustAt .         Harm     .     (no boots)
MR     +++..                    o - amulet of faith
Stlth  ..........               M - +2 ring of protection
                                e - ring of resist corrosion

@: berserking (expiring), non-regenerating, very quick, extremely resistant to
hostile enchantments, extremely unstealthy
A: damage resistance, recharge devices, sense surroundings 2, slow regeneration
3
a: Device Recharging, Berserk, Trog's Hand, Burn Spellbooks, Renounce Religion


You were on level 3 of the Lair of Beasts.
You worshipped Trog.
Trog was pleased with you.
You were not hungry.

You visited 3 branches of the dungeon, and saw 14 of its levels.

You collected 962 gold pieces.
You spent 577 gold pieces at shops.

Inventory:

Hand Weapons
 a - a +1 hand axe
 v - a +0 war axe (weapon)
Armour
 b - a +0 animal skin
 h - a +1 ring mail
 k - a +0 leather armour
 B - a +0 scale mail (worn)
 E - a +0 cloak (worn)
 F - a +0 helmet (worn)
 G - a +0 pair of gloves (worn)
Jewellery
 e - a ring of resist corrosion (left hand)
 o - an amulet of faith (around neck)
 w - an uncursed ring of sustain attributes
 A - an uncursed ring of ice
 M - a +2 ring of protection (right hand)
Wands
 c - a wand of heal wounds (0/9)
 d - a wand of lightning (12/15)
 i - a wand of random effects (13/48)
 n - a wand of paralysis (7/24)
 y - a wand of cold (8/15)
 I - a wand of disintegration (17/24)
 N - a wand of slowing (31/48)
Scrolls
 m - 3 scrolls of remove curse
 H - 2 scrolls of teleportation
Potions
 g - a potion of flight
 j - 2 potions of curing
 l - 2 potions of cancellation
 p - 2 potions of cure mutation
 q - 2 potions of invisibility
 t - a potion of ambrosia {unknown}
 u - 2 potions of haste
 x - a potion of might
 z - a potion of agility
 D - a potion of brilliance {unknown}
 O - a potion of heal wounds
 P - a potion of mutation {unknown}
Comestibles
 f - 2 fruits
 r - a meat ration
 s - 4 bread rations
 C - 10 slices of pizza
 J - 5 beef jerkies
 K - 2 royal jellies


   Skills:
 + Level 8.9 Fighting
 + Level 12.3 Axes
 + Level 10.0 Armour
 + Level 11.9 Dodging
 + Level 3.1 Stealth
 - Level 3.1 Evocations


You had 11 spell levels left.
You didn't know any spells.

Dungeon Overview and Level Annotations

Branches:
Dungeon (10/15)            Temple (1/1) D:6            Lair (3/8) D:8
  Swamp: Lair:3-6    Shoals: Lair:3-6     Snake: Lair:3-6    Spider: Lair:3-6
    Orc: D:9-12

Altars:
Ashenzari
Cheibriados
Dithmenos
Elyvilon
Fedhas
Gozag
Kikubaaqudgha
Makhleb
Nemelex Xobeh
Okawaru
Pakellas
Qazlal
Ru
Sif Muna
Trog
Vehumet
Xom
Yredelemnul
Zin
The Shining One

Shops:
D:6 =   D:8 %   D:9 !


Innate Abilities, Weirdness & Mutations

You are resistant to damage.
You can recharge devices by infusing magical energy.
You passively map the area around you.
You do not regenerate naturally.


Message History

The 15-headed hydra bites you but does no damage.
The 15-headed hydra misses you. The 15-headed hydra bites you!
* * * LOW HITPOINT WARNING * * *
The 15-headed hydra bites you but does no damage. x2
The 15-headed hydra misses you.
You barely miss the 15-headed hydra.
The 15-headed hydra is moderately wounded.
Unknown command.
You slice one of the 15-headed hydra's heads off!
The 14-headed hydra grows two more!
You slice the 16-headed hydra!!
The 16-headed hydra is heavily wounded.
The 16-headed hydra bites you but does no damage.
The 16-headed hydra bites you!
* * * LOW HITPOINT WARNING * * *
The 16-headed hydra barely misses you. The 16-headed hydra misses you.
The 16-headed hydra barely misses you. The 16-headed hydra bites you.
* * * LOW HITPOINT WARNING * * *
The 16-headed hydra completely misses you.
The 16-headed hydra bites you!
You die...

#..#* , ,, , ####
..........# , # ,
..........# , ,, , #
.......... ,, #
.........###, ,, ###
* .......#.# ,,,*
..##### ,...?#..# *
* , ...#P.##
#####D....# * *
.......####.##.#@..#
*
.####.............##
** ** ##
#####.##..#...# * ,,
, # ########..P.# ,,
, # ##...... ,
*P...#.. , *#.#.#*.
, * .### , , ,, .. *
, *


You could see a 16-headed hydra.

Vanquished Creatures
  2 centaur warriors (D:9)
  The ghost of poirepourri the Nimble, a novice DrBe of Trog (D:9)
  An unseen horror (D:10)
  2 hill giants (D:10)
  The ghost of cireshan the Destroyer, a novice HECj of Sif Muna (D:8)
  Pikel (D:8)
  A necromancer (D:10)
  A cyclops (D:9)
  An ugly thing (D:9)
  2 black mambas
  2 komodo dragons
  A fire drake (Lair:1)
  Grum (D:8)
  A troll (D:9)
  A vampire (D:9)
  4 wyverns
  14 yaks
  A human (D:7)
  2 hippogriffs
  2 hungry ghosts
  A basilisk (Lair:1)
  A vampire mosquito (D:9)
  8 wolves
  6 porcupines
  3 water moccasins
  5 orc warriors
  2 sky beasts
  An ice beast (D:5)
  2 black bears (D:10)
  2 slaves (D:8)
  A necrophage (D:9)
  3 ogres
  2 phantoms
  4 centaurs
  A big kobold (D:8)
  6 crocodiles
  9 giant frogs
  A scorpion (D:8)
  14 killer bees
  The ghost of Duffy the Ruffian, a weakling DrTm (D:6)
  4 wights (D:9)
  6 crimson imps
  A wasp zombie (D:8)
  6 hounds
  5 orc priests
  2 giant frog skeletons
  3 jellies
  2 centaur skeletons
  Ijyb (D:3)
  6 iguanas
  A yak simulacrum (D:10)
  5 orc wizards
  2 polar bear simulacra (D:10)
  5 worker ants
  2 wolf simulacra (D:10)
  4 sheep (D:7)
  A hound zombie (D:6)
  A hound skeleton (D:10)
  A worker ant zombie (D:6)
  3 gnolls (D:5)
  10 adders
  2 river rats (D:8)
  7 shadow imps
  2 oozes
  An adder skeleton (D:9)
  A worm (D:2)
  3 giant geckos
  26 orcs
  6 giant cockroaches
  18 goblins
  6 hobgoblins
  18 jackals
  12 kobolds
  3 quokkas
  11 bats
  A giant gecko skeleton (D:6)
  6 giant newts
  A quokka skeleton (D:5)
  11 rats
  3 river rat simulacra (D:10)
  3 fungi
327 creatures vanquished.

Vanquished Creatures (collateral kills)
  A troll (D:9)
  A jackal skeleton (D:9)
2 creatures vanquished.

Vanquished Creatures (others)
  2 slaves (D:8)
  2 kobolds (D:8)
  2 fungi (D:8)
  A plant (D:10)
7 creatures vanquished.

Grand Total: 336 creatures vanquished

Notes
Turn   | Place    | Note
--------------------------------------------------------------
     0 | D:1      | poirepourri the Deep Dwarf Berserker began the quest for the Orb.
     0 | D:1      | Reached XP level 1. HP: 20/20 MP: 1/1
    66 | D:1      | Reached XP level 2. HP: 21/27 MP: 2/2
   408 | D:1      | Reached skill level 4 in Axes
   445 | D:1      | Reached ** piety under Trog
   601 | D:1      | Reached XP level 3. HP: 7/34 MP: 3/3
  1498 | D:2      | Found a snail-covered altar of Cheibriados.
  1505 | D:2      | Found an opulent altar of Gozag.
  1913 | D:3      | Reached XP level 4. HP: 30/42 MP: 4/4
  2179 | D:3      | Noticed Ijyb
  2198 | D:3      | Killed Ijyb
  2583 | D:4      | Reached skill level 5 in Axes
  2583 | D:4      | Reached XP level 5. HP: 40/49 MP: 5/5
  2911 | D:4      | Reached *** piety under Trog
  3210 | D:4      | Reached XP level 6. HP: 51/56 MP: 6/6
  3650 | D:5      | Entered Level 5 of the Dungeon
  3892 | D:5      | Reached skill level 1 in Stealth
  3892 | D:5      | Reached XP level 7. HP: 51/64 MP: 7/7
  3902 | D:5      | Found a sacrificial altar of Ru.
  3914 | D:5      | Found an iron altar of Okawaru.
  3959 | D:5      | Reached skill level 5 in Dodging
  4197 | D:6      | Noticed Duffy's ghost (weakling DrTm)
  4199 | D:6      | Found Yfitaonk's Jewellery Emporium.
  4208 | D:6      | Killed Duffy's ghost
  4273 | D:6      | Found a deep blue altar of Sif Muna.
  4330 | D:6      | Found a blossoming altar of Fedhas.
  4330 | D:6      | Found a shimmering altar of Xom.
  4331 | D:6      | Found an ancient bone altar of Kikubaaqudgha.
  4421 | D:6      | Found a staircase to the Ecumenical Temple.
  4473 | D:6      | Reached skill level 6 in Axes
  4473 | D:6      | Reached skill level 5 in Armour
  4636 | D:6      | Found a radiant altar of Vehumet.
  4773 | D:6      | Reached XP level 8. HP: 48/73 MP: 8/8
  5224 | D:7      | Found an opulent altar of Gozag.
  5325 | D:7      | Reached skill level 7 in Axes
  5591 | D:7      | Reached skill level 5 in Fighting
  5591 | D:7      | Reached skill level 1 in Evocations
  6412 | D:8      | Found a staircase to the Lair.
  6496 | D:8      | Gained mutation: You passively map the area around you. [Deep Dwarf growth]
  6496 | D:8      | Reached XP level 9. HP: 42/81 MP: 9/9
  6631 | D:8      | Noticed cireshan's ghost (novice HECj)
  6647 | D:8      | Killed cireshan's ghost
  6647 | D:8      | Reached skill level 8 in Axes
  6867 | D:8      | Noticed Pikel
  6886 | D:8      | Killed Pikel
  7233 | D:8      | Reached skill level 9 in Axes
  7258 | D:8      | Found Fehableumm's Food Boutique.
  7261 | D:8      | Bought a beef jerky for 21 gold pieces
  7261 | D:8      | Bought a bread ration for 70 gold pieces
  7261 | D:8      | Bought a bread ration for 70 gold pieces
  7261 | D:8      | Bought a beef jerky for 21 gold pieces
  7261 | D:8      | Bought a royal jelly for 28 gold pieces
  7261 | D:8      | Bought a bread ration for 70 gold pieces
  7261 | D:8      | Bought a slice of pizza for 21 gold pieces
  7261 | D:8      | Bought a bread ration for 70 gold pieces
  7261 | D:8      | Bought a beef jerky for 21 gold pieces
  7261 | D:8      | Bought a royal jelly for 28 gold pieces
  7261 | D:8      | Bought a slice of pizza for 21 gold pieces
  7311 | D:8      | Noticed Grum
  7328 | D:8      | Killed Grum
  7328 | D:8      | Reached XP level 10. HP: 46/91 MP: 11/11
  7603 | D:9      | Noticed poirepourri's ghost (novice DrBe)
  7619 | D:9      | Killed poirepourri's ghost
  7874 | D:9      | Noticed a red ugly thing
  7877 | D:9      | Noticed a centaur warrior
  8098 | D:9      | Killed a red ugly thing
  8098 | D:9      | Reached skill level 10 in Axes
  8098 | D:9      | Reached skill level 10 in Dodging
  8148 | D:9      | Noticed a cyclops
  8164 | D:9      | Killed a centaur warrior
  8166 | D:9      | Killed a cyclops
  8217 | D:9      | Reached XP level 11. HP: 59/100 MP: 11/11
  8495 | D:9      | Noticed a centaur warrior
  8510 | D:9      | Killed a centaur warrior
  8881 | D:9      | Found Boticothri's Distillery.
  8889 | D:9      | Bought a potion of might for 68 gold pieces
  8889 | D:9      | Bought a potion of agility for 68 gold pieces
  9318 | D:10     | Entered Level 10 of the Dungeon
  9551 | D:10     | Noticed a hill giant
  9563 | D:10     | Killed a hill giant
 10431 | D:10     | Reached skill level 11 in Axes
 10464 | D:10     | Noticed a necromancer
 10477 | D:10     | Noticed a hill giant
 10490 | D:10     | Killed a hill giant
 10492 | D:10     | Killed an unseen horror
 10494 | D:10     | Killed a necromancer
 10767 | Temple   | Entered the Ecumenical Temple
 11025 | Lair:1   | Entered Level 1 of the Lair of Beasts
 11636 | Lair:1   | Reached XP level 12. HP: 49/112 MP: 12/12
 12595 | Lair:2   | Reached skill level 12 in Axes
 13466 | Lair:2   | Reached skill level 10 in Armour
 13605 | Lair:3   | Noticed a seven-headed hydra
 13621 | Lair:3   | HP: 7/168 [15-headed hydra (10)]
 13623 | Lair:3   | HP: 1/168 [16-headed hydra (4)]
 13623 | Lair:3   | Mangled by a 16-headed hydra

Vault maps used:
D:1:      scummos_arrival_hexagon, nrook_mini_backslash
D:2:      minitemple, first_bread
D:3:      kennysheep_goblin_castle, minmay_misc_feat_x,
          kennysheep_generic_room_6
D:5:      okawaru_altar_gauntlet_db, old_standard_altar
D:6:      nicolae_overflow_quartered_altars, temple_green, serial_shops, shop,
          led_sif_book
D:7:      grunt_livestock, grunt_gozag_breadcrumbs
D:8:      due_lair_maze_entry_diamond, serial_shops,
          nicolae_shop_window_shopping, uniq_pikel, uniq_grum
D:9:      hangedman_cross_cluster, serial_shops, shop, minmay_parallelograms,
          hangedman_decor_lopped
D:10:     eino_house_with_fridge
Temple:   eino_temple_water_12
Lair:2:   infiniplex_staircase_pool
Lair:3:   special_room, patterned_corridor, infiniplex_staircase_pool_2,
          uniq_urug

Action                   |  1- 3 |  4- 6 |  7- 9 | 10-12 || total
-------------------------+-------+-------+-------+-------++-------
Melee: Hand axe          |   178 |    80 |    68 |       ||   326
       War axe           |       |   128 |   275 |   767 ||  1170
Invok: Trog's Hand       |     3 |     4 |    17 |    50 ||    74
       Berserk           |       |     1 |     7 |    13 ||    21
       Burn Spellbooks   |       |       |       |     1 ||     1
 Abil: Device Recharging |       |       |       |     2 ||     2
Evoke: Wand              |       |     1 |     6 |    25 ||    32
  Use: Scroll            |     2 |     7 |     5 |    15 ||    29
       Potion            |     1 |     1 |       |     3 ||     5
 Stab: Sleeping          |     1 |       |       |       ||     1
  Eat: Bread ration      |     1 |     2 |     1 |     6 ||    10
       Fruit             |       |     2 |     4 |     1 ||     7
       Beef jerky        |       |       |     3 |       ||     3
       Royal jelly       |       |       |     2 |       ||     2
       Meat ration       |       |       |     1 |     5 ||     6
       Pizza             |       |       |       |     1 ||     1
